 Dungeon Crawl Stone Soup version 0.21-a0-401-g0b6bec4 (webtiles) character file.

94 TheGoonsmith the Firebug (level 4, -1/24 HPs)
             Began as a Deep Elf Fire Elementalist on Oct 23, 2017.
             Slain by TheGoonsmith's ghost (5 damage)
             ... on level 3 of the Dungeon.
             The game lasted 00:03:48 (2351 turns).

TheGoonsmith the Firebug (DEFE)                     Turns: 2351, Time: 00:03:48

Health: -1/24      AC:  6    Str:  5    XL:     4   Next: 38%
Magic:  12/12      EV: 13    Int: 21    God:
Gold:   148        SH:  0    Dex: 15    Spells: 3/11 levels left

rFire    . . .     SeeInvis .   f - +0 dagger
rCold    . . .     Gourm    .   (no shield)
rNeg     . . .     Faith    .   a - +0 robe
rPois    +         Spirit   .   (no helmet)
rElec    .         Reflect  .   i - +0 cloak
rCorr    .         Harm     .   (no gloves)
MR       .....                  (no boots)
Stlth    ++........             (no amulet)
HPRegen  0.08/turn              (no ring)
MPRegen  0.13/turn              (no ring)

@: flying
A: yellow scales 2, poison resistance
a: no special abilities


You were on level 3 of the Dungeon.
You were very hungry.

You visited 1 branch of the dungeon, and saw 3 of its levels.

You collected 148 gold pieces.

Inventory:

Hand Weapons
 f - a +0 dagger (weapon)
Missiles
 v - a throwing net (quivered)
Armour
 a - a +0 robe (worn)
 i - a +0 cloak (worn)
 r - a cursed -1 buckler
Scrolls
 e - 2 scrolls of fear {unknown}
 h - 2 scrolls of teleportation {unknown}
 j - 2 scrolls of identify {unknown}
 l - 2 scrolls of remove curse {unknown}
 m - a scroll of enchant weapon {unknown}
 t - a scroll of blinking {unknown}
Potions
 g - a potion of mutation
 n - a potion of haste {unknown}
 o - a potion of agility {unknown}
 q - a potion of magic
Books
 b - a book of Flames

   Spells                             Type                      Level
   a - Flame Tongue                   Conjuration/Fire             1
   b - Throw Flame                    Conjuration/Fire             2
   c - Conjure Flame                  Conjuration/Fire             3
   d - Inner Flame                    Hexes/Fire                   3
   e - Sticky Flame                   Conjuration/Fire             4
   f - Fireball                       Conjuration/Fire             5
 s - a book of Callings

   Spells                             Type                      Level
   a - Summon Small Mammal            Summoning                    1
   b - Call Imp                       Summoning                    2
   c - Call Canine Familiar           Summoning                    3
   d - Summon Guardian Golem          Hexes/Summoning              3
   e - Summon Lightning Spire         Summoning/Air                4
   f - Summon Ice Beast               Ice/Summoning                4
 u - a book of Misfortune

   Spells                             Type                      Level
   a - Confusing Touch                Hexes                        1
   b - Confuse                        Hexes                        3
   c - Gell's Gravitas                Translocation                3
   d - Petrify                        Transmutation/Earth          4
   e - Metabolic Englaciation         Hexes/Ice                    5
   f - Yara's Violent Unravelling     Hexes/Transmutation          5
Comestibles
 c - a bread ration
 d - 2 royal jellies
 p - a meat ration


   Skills:
 - Level 2.4 Dodging
 - Level 2.4 Stealth
 + Level 4.0 Spellcasting
 * Level 3.3 Conjurations
 + Level 4.0 Fire Magic


You had 3 spell levels left.
You knew the following spells:

 Your Spells              Type           Power        Failure   Level  Hunger
a - Flame Tongue          Conj/Fire      ###..        2%          1    None
c - Conjure Flame         Conj/Fire      ###.....     8%          3    ###....
s - Sticky Flame          Conj/Fire      ###.....     26%         4    ####...


Dungeon Overview and Level Annotations

Branches:
Dungeon (3/15)

Altars:

Annotations:
D:2 Natasha
D:3 TheGoonsmith's ghost, amateur DEWz


Innate Abilities, Weirdness & Mutations

You are mostly covered in yellow scales. (AC +3)
Your system is resistant to poisons. (rPois)


Message History

Aim: TheGoonsmith's ghost (noxious fumes, heavily damaged)
The flame tongue hits TheGoonsmith's ghost.
TheGoonsmith's ghost is severely damaged.
You are engulfed in noxious fumes.
You choke on the stench!
You are confused.
TheGoonsmith's ghost hits you.
It was a potion of mutation.
You feel extremely strange.
You feel resistant to poisons.
Yellow scales grow over part of your body.
Yellow scales spread over more of your body.
TheGoonsmith's ghost hits you.
You feel less confused.
TheGoonsmith's ghost points at you and mumbles some strange words.
The magic dart hits you!
* * * LOW HITPOINT WARNING * * *
It was a potion of magic.
Magic courses through your body.
It was a potion of flight.
You feel very buoyant.
You fly up into the air.
TheGoonsmith's ghost hits you.
You die...

########.............##......#
.##### ##........##......#...#
.....####....>...#.......#...#
####................#....###..#
####..>........#.....(# #..#
#..#####...........# #...
#..)............#....# ##.
#.####...§...........#######
... ..!...#§W@..##...[.......
#.# ....##......##..#.###### ..
..## #.#....##..#.# .
...#######..#.# #.### #..#.# #
#..#.# #..#.########
#.##.<....... ##########


You could see TheGoonsmith's ghost.

Vanquished Creatures
  Natasha (D:2)
  2 adders (D:2)
  An ooze (D:2)
  A worm (D:3)
  2 dart slugs
  A leopard gecko (D:1)
  6 bats
  4 giant cockroaches
  6 goblins
  4 hobgoblins
  A quokka (D:2)
  A ball python (D:3)
  2 frilled lizards (D:2)
  5 kobolds
  6 rats
43 creatures vanquished.

Notes
Turn   | Place    | Note
-------+----------+-------------------------------------------
     0 | D:1      | TheGoonsmith the Deep Elf Fire Elementalist began the quest for the Orb.
     0 | D:1      | Reached XP level 1. HP: 10/10 MP: 6/6
   163 | D:1      | Reached XP level 2. HP: 15/15 MP: 6/8
   867 | D:2      | Reached XP level 3. HP: 14/19 MP: 3/10
  1014 | D:2      | Noticed Natasha
  1020 | D:2      | Killed Natasha
  1309 | D:2      | Reached XP level 4. HP: 24/24 MP: 9/11
  1353 | D:2      | Noticed a centaur
  1354 | D:2      | Noticed Natasha
  1681 | D:2      | Learned a level 4 spell: Sticky Flame
  1685 | D:2      | Learned a level 3 spell: Conjure Flame
  2339 | D:3      | Noticed TheGoonsmith's ghost (amateur DEWz)
  2347 | D:3      | Gained mutation: Your system is resistant to poisons. (rPois) [potion of mutation]
  2347 | D:3      | Gained mutation: You are partially covered in yellow scales. (AC +2) [potion of mutation]
  2347 | D:3      | Gained mutation: You are mostly covered in yellow scales. (AC +3) [potion of mutation]
  2351 | D:3      | Slain by TheGoonsmith's ghost

Vault maps used:
D:1:      dpeg_arrival_shelter, serial_forest, infiniplex_forest_clump_double,
          infiniplex_forest_zigzag_1, infiniplex_forest_clump_diagonal,
          infiniplex_forest_end_3, minmay_misc_feat_tower, st_stairs_3
D:2:      grunt_ministairs_14, minmay_randomly_rotated_circles, uniq_natasha
D:3:      wad_lake_hut

Skill      XL: |  1  2  3  4 |
---------------+-------------+-----
Conjurations   | 2 3 |  3.3
Spellcasting   | 4 |  4.0
Fire Magic     | 4 |  4.0
Dodging        | |  2.4
Stealth        | |  2.4

Action                   |  1- 3 |  4- 6 || total
-------------------------+-------+-------++-------
 Cast: Flame Tongue      |    42 |    35 ||    77
  Use: Potion            |       |     3 ||     3
  Eat: Chunk             |     1 |     2 ||     3
Armor: Robe              |     3 |     6 ||     9
Dodge: Dodged            |     4 |    18 ||    22

Table legend:
 A = Spawn XP
 B = Non-spawn XP
 C = Spawn XP percentage of total XP
 D = Spawn monster count
 E = Non-spawn monster count
 F = Spawn count percentage of total count
 G = Total turns spent on level
                    A         B        C        D         E        F      G
               +---------+---------+-------+---------+---------+-------+---------
         Total |       0 |     135 |   0.0 |       0 |      43 |   0.0 |  2351
               +---------+---------+-------+---------+---------+-------+---------
           D:1 |       0 |      31 |   0.0 |       0 |      19 |   0.0 |  1134
           D:2 |       0 |      96 |   0.0 |       0 |      21 |   0.0 |  1031
           D:3 |       0 |       8 |   0.0 |       0 |       3 |   0.0 |   186
               +---------+---------+-------+---------+---------+-------+---------
